 Dungeon Crawl Stone Soup version 0.25.1-2-g60ff931 (webtiles) character file.

Game seed: 16846082766527624053

59 Golfball the Skirmisher (level 3, -2/35 HPs)
             Began as a Minotaur Fighter on Aug 3, 2020.
             Killed by divine providence
             ... invoked by an orc priest
              (8 damage)
             ... on level 2 of the Dungeon.
             The game lasted 00:02:56 (1035 turns).

Golfball the Skirmisher (Minotaur Fighter)          Turns: 1035, Time: 00:02:56

Health: -2/35      AC:  6    Str: 20    XL:     3   Next: 78%
Magic:  2/2        EV:  7    Int:  6    God:
Gold:   101        SH:  9    Dex:  9    Spells: 2/2 levels left

rFire    + . .     SeeInvis .   a - +0 war axe
rCold    . . .     Gourm    .   c - +0 kite shield
rNeg     . . .     Faith    .   s - +0 scale mail
rPois    .         Spirit   .   (helmet restricted)
rElec    .         Reflect  .   (no cloak)
rCorr    .         Harm     .   (no gloves)
MR       .....                  (no boots)
Stlth    ..........             (no amulet)
HPRegen  0.11/turn              q - ring of fire
MPRegen  0.08/turn              r - ring of protection from cold

@: no status effects
A: retaliatory headbutt, horns 2
a: no special abilities


You were on level 2 of the Dungeon.
You were hungry.

You visited 1 branch of the dungeon, and saw 2 of its levels.

You collected 101 gold pieces.

Inventory:

Hand Weapons
 a - a +0 war axe (weapon)
 b - a +0 hunting sling
Missiles
 j - 133 stones (quivered)
 t - 15 poisoned darts
Armour
 c - a +0 kite shield (worn)
 s - a +0 scale mail (worn)
Jewellery
 q - a ring of fire (left hand)
 r - a ring of protection from cold (right hand)
Wands
 e - a wand of acid (7)
Scrolls
 h - a scroll of magic mapping {unknown}
 k - 2 scrolls of remove curse {unknown}
 l - a scroll of teleportation {unknown}
 n - a scroll of blinking {unknown}
Potions
 d - a potion of might
 m - a potion of degeneration {unknown}
 p - a potion of flight {unknown}
Comestibles
 f - 4 rations


   Skills:
 + Level 4.8 Fighting
 + Level 4.0 Axes
 - Level 3.6 Armour
 - Level 3.6 Shields


You had 2 spell levels left.
You didn't know any spells.
Your spell library was empty.

Dungeon Overview and Level Annotations

Branches:
Dungeon (1/15)

Altars:


Innate Abilities, Weirdness & Mutations

You reflexively headbutt those who attack you in melee.
You have a pair of horns on your head.


Message History

The orc priest hits you but does no damage.
The orc moves out of view.
You are feeling hungry.
You closely miss the orc priest.
The orc priest is moderately wounded.
The orc wizard gestures at you while chanting.
The magic dart hits you.
* * * LOW HITPOINT WARNING * * *
You block the orc priest's attack.
You hit the orc priest. Your headbutt misses the orc priest.
The orc priest is moderately wounded.
The orc priest hits you but does no damage.
You block the orc wizard's attack.
You closely miss the orc priest.
The orc priest is moderately wounded.
You hit the orc wizard. You block the orc priest's attack.
The orc wizard hits you but does no damage.
The orc priest mumbles some strange prayers to Beogh against you.
Beogh smites you!
You die...

... #..[+ #.....###.. ...#
#...# ####'####... .
..##.>.# #.#.....#....
#...!..#.# #..#...(.#....
#...#..#.# #...+.....'...#
.......#.##....#.....#..##
........o#.....#...).#.###
....#..#o#....####'######.
. .....#.@o..###.....###..
.......#.#..###.....###...
..####.#.#.###.....###....
. #.#.####.....###.....
..#.###.....###.....#
###..####'#######'###
#..................
#.#...#..##......##
.#.....#.###.....##


You could see an orc priest, an orc wizard and an orc.

Vanquished Creatures
  3 adders (D:2)
  A dart slug (D:2)
  A leopard gecko (D:2)
  2 orcs (D:2)
  A bat (D:2)
  2 giant cockroaches (D:2)
  3 goblins
  3 hobgoblins (D:2)
  4 jackals (D:1)
  A kobold (D:2)
  A quokka (D:2)
  A ball python (D:1)
  2 rats
25 creatures vanquished.

Notes
Turn   | Place    | Note
-------+----------+-------------------------------------------
     0 | D:1      | Golfball the Minotaur Fighter began the quest for the Orb.
     0 | D:1      | Reached XP level 1. HP: 19/19 MP: 0/0
   512 | D:1      | Reached XP level 2. HP: 24/27 MP: 1/1
   574 | D:1      | You fall into a shaft and drop 1 floor!
   684 | D:2      | Reached XP level 3. HP: 20/34 MP: 2/2
   693 | D:2      | HP: 1/34 [adder (1)]
   700 | D:2      | HP: 1/51 [poisoned by an adder]
  1035 | D:2      | Killed from afar by an orc priest

Illustrated notes

Levels and vault maps discovered:
D:1:      tarquinn_simple_flora_water_b, layout_basic, minmay_distorted
D:2:      layout_loops_cross, zin_scriptorium, first_ration,
          minmay_quadrilaterals

Skill      XL: |  1  2  3 |
---------------+----------+-----
Fighting       | 4 |  4.8
Axes           | 3 4 |  4.0
Armour         | |  3.6
Shields        | |  3.6

Action                   || total
-------------------------++-------
Melee: War axe           ||    68
       Headbutt          ||     8
  Use: Potion            ||     3
Armor: Scale mail        ||    35
Dodge: Dodged            ||    18
Block: Kite shield       ||    46
